 Dungeon Crawl Stone Soup version 0.25-a0-340-ga1faa1601d (webtiles) character file.

Game seed: 17010086037832027761, levelgen mode: deterministic

15 sankara the Slasher (level 2, 23/23 HPs)
             Began as a Vampire Berserker on Dec 29, 2019.
             Was a Follower of Trog.
             Safely got out of the dungeon.
             The game lasted 00:02:37 (291 turns).

sankara the Slasher (Vampire Berserker)              Turns: 291, Time: 00:02:38

Health: 23/23      AC:  2    Str: 16    XL:     2   Next: 34%
Magic:  2/2        EV: 13    Int:  9    God:    Trog [*.....]
Gold:   25         SH:  0    Dex: 13    Spells: 1/1 levels left

rFire    . . .     SeeInvis +   a - +0 falchion
rCold    . . .     Gourm    .   (no shield)
rNeg     . . .     Faith    .   b - +0 animal skin
rPois    .         Spirit   .   (no helmet)
rElec    .         Reflect  .   (no cloak)
rCorr    .         Harm     .   (no gloves)
MR       .....                  (no boots)
Stlth    +.........             (no amulet)
HPRegen  0.27/turn              (no ring)
MPRegen  0.08/turn              (no ring)

@: regenerating quickly
A: no food, fangs 3, see invisible, unbreathing
a: Exsanguinate, Berserk, Renounce Religion


You escaped.
You worshipped Trog.
Trog was aware of your devotion.
You were alive.

You visited 1 branch of the dungeon, and saw 1 of its levels.

You collected 25 gold pieces.

Inventory:

Hand Weapons
 a - a +0 falchion (weapon)
Armour
 b - a +0 animal skin (worn)
Scrolls
 c - a scroll of enchant weapon {unknown}
 d - a scroll of magic mapping {unknown}
 e - a scroll of teleportation {unknown}


   Skills:
 - Level 2.6 Fighting
 * Level 3.5 Long Blades
 - Level 1.5 Armour
 + Level 2.6 Dodging


You had one spell level left.
You didn't know any spells.
Your spell library was empty.

Dungeon Overview and Level Annotations

Branches:
Dungeon (1/15)

Altars:


Innate Abilities, Weirdness & Mutations

You do not eat.
Your natural rate of healing is unusually fast.
You have razor-sharp teeth.
You have supernaturally acute eyesight. (SInv)
You can survive without breathing.


Message History

The frilled lizard barely misses you.
You riposte.
You barely miss the frilled lizard. Your bite misses the frilled lizard.
The kobold misses you.
You closely miss the kobold. You bite the kobold.
You kill the kobold!
Trog accepts your kill.
The frilled lizard bites you but does no damage.
The frilled lizard unfolds its giant frill.
The frilled lizard bites you.
The frilled lizard unfolds its giant frill.
The frilled lizard closely misses you.
You riposte.
You closely miss the frilled lizard. Your bite misses the frilled lizard.
The frilled lizard barely misses you. The frilled lizard bites you.
The frilled lizard misses you.
You riposte.
You closely miss the frilled lizard. Your bite misses the frilled lizard.
The frilled lizard barely misses you.
You hit the frilled lizard.
You kill the frilled lizard!
Trog accepts your kill. The frilled lizard closely misses you.
You riposte.
You barely miss the frilled lizard. You bite the frilled lizard.
You kill the frilled lizard!
Trog accepts your kill. The frilled lizard misses you.
The frilled lizard barely misses you.
You riposte.
You closely miss the frilled lizard. The frilled lizard barely misses you.
You riposte.
You hit the frilled lizard.
You kill the frilled lizard!
Trog accepts your kill. The frilled lizard barely misses you.
You riposte.
You slash the frilled lizard!
You kill the frilled lizard!
Trog accepts your kill. The frilled lizard closely misses you.
You riposte.
You barely miss the frilled lizard. You closely miss the frilled lizard.
The frilled lizard completely misses you.
The frilled lizard closely misses you. The frilled lizard misses you.
The frilled lizard closely misses you.
You riposte.
You closely miss the frilled lizard. You hit the frilled lizard.
You kill the frilled lizard!
Trog accepts your kill. The frilled lizard barely misses you.
The frilled lizard bites you. The frilled lizard barely misses you.
You riposte.
You hit the frilled lizard.
You kill the frilled lizard!
Trog accepts your kill.
The frilled lizard bites you but does no damage.
You closely miss the frilled lizard. The frilled lizard closely misses you.
Unknown command.
You barely miss the frilled lizard. The frilled lizard closely misses you.
You riposte.
You barely miss the frilled lizard. The frilled lizard bites you.
You barely miss the frilled lizard.
You feel yourself speed up.
The frilled lizard bites you but does no damage.
The frilled lizard bites you.
Unknown command.
You are too injured to fight recklessly!
You are too injured to fight recklessly!
You slash the frilled lizard!
You kill the frilled lizard!
Trog accepts your kill.
A rat comes into view.
You see here a frilled lizard corpse.
You see here a stone.
The rat is too close now for your liking.
You recover from your berserk rage.
There is an open door here.
A rat is nearby!
The rat bites you.
You closely miss the rat. The rat barely misses you.
You riposte.
You hit the rat but do no damage. You closely miss the rat. The rat misses you.
The rat closely misses you.
You riposte.
You hit the rat but do no damage. You hit the rat. Your bite misses the rat.
The rat is severely wounded.
The rat barely misses you.
You riposte.
You barely miss the rat.
The rat is severely wounded.
You closely miss the rat. Your bite misses the rat.
The rat is severely wounded.
The rat bites you.
You hit the rat.
The rat is severely wounded.
The rat bites you.
You barely miss the rat.
The rat is severely wounded.
The rat barely misses you.
You slash the rat!
You kill the rat!
Trog accepts your kill.
No target in view!
There is an escape hatch in the floor here.
There is an open door here.
There is a staircase leading out of the dungeon here.
Are you sure you want to leave the Dungeon?
This will make you lose the game!
Alright, then stay!
Unknown command.
Are you sure you want to leave the Dungeon?
This will make you lose the game!
Alright, then stay!
Are you sure you want to leave the Dungeon?
This will make you lose the game!
You have escaped!

#.#.# #.# #.# #.#.#####.# ###.#
#.....[...##################...#
##.#.##...................##.#.#
...#..##.................##..#)#
##.#...##..8..##'##..8..##...#.#
.#.#....##...##...##...##....#.#
.#.#.)...#####.....#####.....#.#
##.#............@............#.#
...##.......................##.#
#...############'############..#
..)...........#..##...........##
##...#.######...###.###########
######.#######.## #.# #
#....##...##..###'### #
#.#####.#.###)#.....#
###.......#.# #.......#


There were no monsters in sight!

Vanquished Creatures
  A leopard gecko (D:1)
  A goblin (D:1)
  2 hobgoblins (D:1)
  A bat (D:1)
  8 frilled lizards (D:1)
  2 kobolds (D:1)
  2 rats (D:1)
17 creatures vanquished.

Notes
Turn   | Place    | Note
-------+----------+-------------------------------------------
     0 | D:1      | sankara the Vampire Berserker began the quest for the Orb.
     0 | D:1      | Reached XP level 1. HP: 17/17 MP: 1/1
   200 | D:1      | Reached XP level 2. HP: 23/23 MP: 2/2
   291 | D:$      | Safely got out of the dungeon.

Levels and vault maps discovered:
D:1:      giann_horns, layout_basic, minmay_lizard_pond

Action                   || total
-------------------------++-------
Melee: Falchion          ||    28
       Bite              ||     2
Invok: Berserk           ||     1
 Stab: Sleeping          ||     1
Armor: Animal skin       ||     5
Dodge: Dodged            ||    32
       Rpst.: Falchion   ||    16

Table legend:
 A = Non-vault XP
 B = Vault XP
 C = Vault XP percentage of total XP
 D = Non-vault monster count
 E = Vault monster count
 F = Vault count percentage of total count
                 A         B        C        D         E       F
            +---------+---------+-------+---------+---------+-------
      Total |      15 |       7 |  31.8 |      10 |       7 |  41.2
            +---------+---------+-------+---------+---------+-------
        D:1 |      15 |       7 |  31.8 |      10 |       7 |  41.2
            +---------+---------+-------+---------+---------+-------

Levels and vault maps discovered:
D:1:      giann_horns, layout_basic, minmay_lizard_pond

Table legend:
 A = Turns spent in this place as a percentage of turns spent in the entire game.
 B = Non-inter-level travel turns spent in this place as a percentage of non-inter-level travel turns spent in the entire game.
 C = Inter-level travel turns spent in this place as a percentage of turns spent in this place.
 D = Turns resting spent in this place as a percentage of non-inter-level travel turns spent in this place.
 E = Turns spent auto-exploring this place as a percentage of non-inter-level travel turns spent in this place.
 F = Non-inter-level travel turns spent in this place divided by the number of levels of this place that you've seen.
                   A       B       C       D       E      F
               +-------+-------+-------+-------+-------+----------------------
         Total | 100.0 | 100.0 |  13.1 |   0.0 |  68.4 | 253.0
       Dungeon | 100.0 | 100.0 |  13.1 |   0.0 |  68.4 | 253.0
               +-------+-------+-------+-------+-------+----------------------

Table legend:
 A = Kills in this place as a percentage of kills in entire the game.
 B = Kills by you in this place as a percentage of kills by you in the entire game.
 C = Kills by friends in this place as a percentage of kills by friends in the entire game.
 D = Other kills in this place as a percentage of other kills in the entire game.
 E = Experience gained in this place as a percentage of experience gained in the entire game.
 F = Experience gained in this place divided by the number of levels of this place that you have seen.
                   A       B       C       D       E      F
               +-------+-------+-------+-------+-------+----------------------
         Total | 100.0 | 100.0 |   N/A |   N/A | 100.0 |  22.0
       Dungeon | 100.0 | 100.0 |   N/A |   N/A | 100.0 |  22.0
               +-------+-------+-------+-------+-------+----------------------
